 Dungeon Crawl Stone Soup version 0.30.1 (webtiles) character file.

Game seed: 17546110902933591915

73820 Graphine the Impaler (level 15, -5/127 HPs)
             Began as a Merfolk Gladiator on July 5, 2023.
             Was an Initiate of Gozag.
             Succumbed to a sea snake's poison
             ... on level 3 of the Shoals.
             The game lasted 01:09:46 (26711 turns).

Graphine the Impaler (Merfolk Gladiator)           Turns: 26711, Time: 01:09:48

Health: -5/127     AC: 20    Str: 16    XL:     15   Next: 44%
Magic:  14/21      EV: 20    Int: 13    God:    Gozag
Gold:   1811       SH:  4    Dex: 18    Spells: 19/22 levels left

rFire   . . .        N - +5 halberd of Doomed Optimality {flame, Dex+2}
rCold   + . .        (shield currently unavailable)
rNeg    . . .        B - +5 ring mail {rC+}
rPois   .            c - +0 helmet
rElec   .            u - scarf {repulsion}
rCorr   .            m - +2 pair of gloves
SInv    .            (no boots)
Will    ++...        G - amulet of guardian spirit
Stlth   +            h - +4 ring of protection
HPRegen 0.41/turn    F - ring of willpower
MPRegen 0.17/turn

%: repel missiles, guardian spirit
@: lethally poisoned (-5 -> -60)
A: (nimble swimmer 2), mertail, large bone plates 1, evolution 1
a: Renounce Religion, Potion Petition, Call Merchant, Bribe Branch


You were on level 3 of the Shoals.
You worshipped Gozag.
Gozag was most pleased with you.
You visited 4 branches of the dungeon, and saw 19 of its levels.
You also visited: Bailey.

You collected 6006 gold pieces.
You spent 2013 gold pieces at shops.
You paid 2182 gold pieces to Gozag.

Inventory:

Hand Weapons
 K - a +9 glaive
 M - the +8 quarterstaff of Ascent {antimagic, rC- Int+4 Dex+6}
   (You found it on level 2 of the Lair of Beasts)

   Int:       It affects your intelligence (+4).
   Dex:       It affects your dexterity (+6).
   rC:        It makes you vulnerable to cold.
 N - the +5 halberd of Doomed Optimality (weapon) {flame, Dex+2}
   (You acquired it on level 2 of the Lair of Beasts)

   Dex:       It affects your dexterity (+2).
Missiles
 e - 8 javelins (quivered)
 P - 4 throwing nets
 T - 9 silver javelins
Armour
 c - a +0 helmet (worn)
 m - a +2 pair of gloves (worn)
 u - a scarf of repulsion (worn)
 B - a +5 ring mail of cold resistance (worn)
Magical Staves
 y - a staff of earth
 R - a staff of cold
Jewellery
 h - a +4 ring of protection (left hand)
 j - a ring of willpower
 l - a ring of positive energy
 F - a ring of willpower (right hand)
 G - an amulet of guardian spirit (around neck)
 H - a +6 ring of dexterity
 O - a ring of willpower
 S - a ring of protection from cold
Wands
 a - a wand of roots (1)
 C - a wand of paralysis (7)
 D - a wand of quicksilver (1)
 I - a wand of flame (12)
 J - a wand of mindburst (3)
 L - a wand of digging (3)
Scrolls
 f - 2 scrolls of enchant weapon
 k - 8 scrolls of identify
 n - a scroll of amnesia
 o - 4 scrolls of teleportation
 p - 3 scrolls of fog
 w - 4 scrolls of enchant armour
 E - 3 scrolls of magic mapping
 Q - a scroll of silence
Potions
 b - 2 potions of lignification
 d - 2 potions of cancellation
 g - 6 potions of brilliance
 i - 2 potions of might
 r - 5 potions of resistance
 s - 5 potions of attraction
 t - 3 potions of haste
 x - 2 potions of mutation
 z - 4 potions of flight
 A - 3 potions of magic


   Skills:
 + Level 14.4 Fighting
 - Level 20.0 Polearms
 - Level 2.0 Throwing
 + Level 6.6 Armour
 - Level 16.0 Dodging
 + Level 4.4 Spellcasting
 + Level 5.4 Ice Magic
 * Level 8.0 Evocations


You had 19 spell levels left.
You knew the following spells:

 Your Spells              Type           Power      Damage    Failure   Level
a - Frozen Ramparts       Ice            32%        1d5       11%         3

Your spell library contained the following spells:

 Spells                   Type           Power      Damage    Failure   Level
 Freeze                   Ice            64%        1d7       3%          1
 Foxfire                  Conj/Fire      8%         2x1d4     34%         1
 Kiss of Death            Conj/Necr      8%         2d6       34%         1
 Magic Dart               Conj           8%         1d3       34%         1
 Hailstorm                Conj/Ice       9%         3d4       34%         3
 Call Imp                 Summ           4%         N/A       45%         2
 Lesser Beckoning         Tloc           4%         N/A       45%         2
 Scorch                   Fire           4%         2d5       45%         2
 Static Discharge         Conj/Air       4%         2-3/arc   45%         2
 Gell's Gravitas          Tloc           2%         N/A       71%         3
 Mephitic Cloud           Conj/Pois/Air  2%         N/A       71%         3
 Stone Arrow              Conj/Erth      4%         3d7       71%         3
 Teleport Other           Tloc           2%         N/A       71%         3
 Ice Form                 Ice/Tmut       9%         N/A       75%         4
 Summon Ice Beast         Ice/Summ       9%         N/A       75%         4
 Airstrike                Air            1%         2d(1-17)  98%         4
 Animate Armour           Summ/Erth      4%         N/A       98%         4
 Flame Wave               Conj/Fire      2%         2d4       98%         4
 Summon Lightning Spire   Summ/Air       2%         N/A       98%         4
 Agony                    Necr           2%         N/A       100%        5
 Fireball                 Conj/Fire      1%         3d3       100%        5
 Death Channel            Necr           1%         N/A       100%        6
 Plasma Beam              Fire/Air       1%         2x1d12    100%        6
 Starburst                Conj/Fire      1%         6d3       100%        6
 Summon Cactus Giant      Summ           1%         N/A       100%        6
 Lehudib's Crystal Spear  Conj/Erth      1%         10d2      100%        8
 Necromutation            Tmut/Necr      1%         N/A       100%        8
 Chain Lightning          Conj/Air       1%         3d1       100%        9
 Fire Storm               Conj/Fire      1%         7d1       100%        9
 Shatter                  Erth           1%         3d5*      100%        9


Dungeon Overview and Level Annotations

Branches:
Dungeon (10/15)            Temple (1/1) D:4            Lair (5/5) D:10
 Shoals (3/4) Lair:2       Spider (0/4) Lair:3        Slime (0/5) Lair:5
 Bailey (visited)
    Orc: D:9-12

Altars:
Cheibriados
Dithmenos
Elyvilon
Fedhas
Gozag
Hepliaklqana
Makhleb
Nemelex Xobeh
Okawaru
Qazlal
Ru
Sif Muna
Trog
Uskayaw
Vehumet
Wu Jian
Xom
Yredelemnul
Zin
The Shining One
Jiyva

Shops:
D:5 [   D:6 **(!   Lair:1 *   Lair:2 ?   Lair:5 *   Shoals:2 [

Annotations:
Shoals:2 Roxanne


Innate Abilities, Weirdness & Mutations

((You are very nimble when in or above water. (Stealth+, EV+, Speed+++)))
Your lower body shifts to a powerful aquatic tail in water.
You are partially covered in large bone plates. (SH +4)
You have hidden genetic potential.


Message History

You feel extremely sick. The sea snake bites you.
* * * LOW HITPOINT WARNING * * *
You are more poisoned.
The sea snake poisons you!
Reach: N) +5 halberd of Doomed Optimality {flame, Dex+2}
Press: ? - help, Dir - move target, f/p - sea snake
Aim: a sea snake (heavily wounded, about 36% to evade the +5 halberd of Doomed Optimality)
You barely miss the sea snake.
The sea snake is heavily wounded.
* * * LOW HITPOINT WARNING * * *
You feel extremely sick. The sea snake closely misses you.
Reach: N) +5 halberd of Doomed Optimality {flame, Dex+2}
Press: ? - help, Dir - move target, f/p - sea snake
Aim: a sea snake (heavily wounded, about 36% to evade the +5 halberd of Doomed Optimality)
Okay, then.
Okay, then.
Okay, then.
Okay, then.
Really quaff the potion of mutation?
You feel extremely strange.
You feel agile.
You occasionally lose the ability to read scrolls when taking damage.
* * * LOW HITPOINT WARNING * * *
You feel extremely sick. The sea snake bites you.
The merfolk aquamancer casts a spell.
The merfolk aquamancer blinks!
Okay, then.
Really quaff the potion of mutation? [Y]es or [N]o only, please.
Really quaff the potion of mutation?
You feel extremely strange.
You feel clumsy.
You no longer become unable to read scrolls after taking damage.
Large bone plates grow over parts of your arms.
You feel a hidden potential growing inside you.
You die...
Your body crumbles into a pile of gold.

....... #≈≈≈≈≈≈≈≈≈≈
...♣...#+####~~~≈≈≈≈≈≈≈
...........♣.~..~~~~≈≈)
#......♣.....~~≈≈≈
+..'#####...~~~~≈≈
#..#.S..#..~~~~~≈≈ #.S#
...#...~~~~≈≈ #♣S#
..###...~~≈≈ #@♣#
}##....~~≈≈
##.######.....~~≈≈
...~~<>>...~~~≈≈
..#(...~~.~~~≈≈≈
.##...~.~~~~~≈≈≈
........≈≈~~~≈≈≈
~~....~≈≈≈~~~≈≈≈
~~~..~~≈≈≈~~~≈≈≈
~~~~.~~≈≈≈≈≈≈≈≈≈


You could see 2 sea snakes.

Vanquished Creatures
  2 krakens (Shoals:2)
  Polyphemus (Shoals:2)
  Ilsuiw (Shoals:1)
  4 merfolk javelineers
  3 merfolk impalers
  4 hydras
  2 centaur warriors
  A satyr (Shoals:2)
  3 merfolk aquamancers (Shoals:2)
  2 catoblepae
  A two-headed ogre (D:8)
  4 death yaks (Shoals:2)
  A boulder beetle (D:10)
  Sonja (Lair:1)
  A skyshark (Shoals:2)
  A skeletal warrior (D:10)
  13 sea snakes
  3 fauns (Shoals:1)
  4 manticores
  5 merfolk sirens
  13 cane toads
  3 black mambas
  A water nymph (Shoals:1)
  3 torpor snails
  A rime drake (Lair:1)
  8 komodo dragons
  Psyche (D:9)
  A kobold demonologist (D:7)
  20 merfolk
  3 trolls
  2 wind drakes
  4 polar bears
  5 hornets
  7 blink frogs
  Prince Ribbit (D:5)
  10 dream sheep
  A snapping turtle (Shoals:2)
  Sigmund (D:5)
  A water elemental (Shoals:2)
  14 spriggans
  A shadow (D:9)
  54 yaks
  5 wyverns
  A steam dragon (D:8)
  6 basilisks
  4 fire bats (Lair:3)
  3 vampire mosquitoes (D:8)
  Menkaure (D:4)
  Edmund (D:4)
  13 water moccasins
  13 orc warriors
  2 ice beasts (D:7)
  10 black bears
  An ogre (D:5)
  5 boggarts
  22 wolves
  6 centaurs
  2 kobold brigands
  Blork the orc (D:5)
  2 scorpions (D:6)
  13 bullfrogs
  10 wights
  4 howler monkeys
  2 electric eels
  9 orc priests
  16 jellies
  4 hounds
  Crazy Yiuf (D:2)
  2 gnoll boudas
  2 iguanas
  8 orc wizards
  9 gnolls
  7 adders
  2 white imps
  A worm (D:4)
  4 dart slugs
  41 orcs
  4 endoplasms
  2 giant cockroaches
  9 goblins
  6 hobgoblins
  4 jackals
  4 quokkas
  7 ball pythons
  6 bats
  3 frilled lizards
  20 kobolds
  11 rats
  20 tentacles (Shoals:2)
541 creatures vanquished.

Vanquished Creatures (others)
  An orc wizard (D:9)
  95 tentacles (Shoals:2)
96 creatures vanquished.

Grand Total: 637 creatures vanquished

Notes
Turn   | Place    | Note
-------+----------+-------------------------------------------
     0 | D:1      | Graphine the Merfolk Gladiator began the quest for the Orb.
     0 | D:1      | Reached XP level 1. HP: 16/16 MP: 1/1
   108 | D:1      | Reached XP level 2. HP: 22/22 MP: 2/2
   222 | D:1      | You fall into a shaft and drop 1 floor!
   334 | D:1      | Found a faded altar of an unknown god.
   464 | D:1      | Reached XP level 3. HP: 28/28 MP: 3/3
  1276 | D:2      | Reached skill level 5 in Polearms
  1276 | D:2      | Reached skill level 5 in Dodging
  1276 | D:2      | Reached XP level 4. HP: 34/34 MP: 4/4
  1753 | D:2      | Found a runed translucent door.
  1754 | D:2      | Noticed Crazy Yiuf
  2095 | D:2      | Killed Crazy Yiuf
  2096 | D:2      | Reached skill level 1 in Armour
  2394 | D:3      | Reached XP level 5. HP: 41/41 MP: 5/5
  2429 | D:3      | Found a shadowy altar of Dithmenos.
  2706 | D:3      | Found an ornate altar of the Wu Jian Council.
  3153 | D:4      | Noticed Menkaure
  3170 | D:4      | Killed Menkaure
  3171 | D:4      | Reached skill level 6 in Polearms
  3171 | D:4      | Reached XP level 6. HP: 16/47 MP: 6/6
  3322 | D:4      | Found a hide-covered altar of Uskayaw.
  3324 | D:4      | Noticed Edmund
  3495 | D:4      | Killed Edmund
  3496 | D:4      | Reached XP level 7. HP: 20/53 MP: 7/7
  3799 | D:4      | Found a hazy altar of Hepliaklqana.
  3841 | D:4      | Found a staircase to the Ecumenical Temple.
  3853 | Temple   | Entered the Ecumenical Temple
  3861 | Temple   | Became a worshipper of Gozag Ym Sagoz the Greedy
  3948 | D:5      | Entered Level 5 of the Dungeon
  3971 | D:5      | Found a blossoming altar of Fedhas.
  4126 | D:5      | Found Yttusoes's Armour Emporium.
  4126 | D:5      | Noticed Blork the orc
  4135 | D:5      | Killed Blork the orc
  4175 | D:5      | Bought a scarf of repulsion for 132 gold pieces
  4196 | D:5      | Reached skill level 7 in Polearms
  4295 | D:5      | Noticed Prince Ribbit
  4296 | D:5      | Noticed Sigmund
  4332 | D:5      | Killed Prince Ribbit
  4336 | D:5      | Killed Sigmund
  4337 | D:5      | Reached skill level 8 in Polearms
  4337 | D:5      | Reached XP level 8. HP: 20/61 MP: 8/8
  5021 | D:6      | Found a glowing golden altar of the Shining One.
  5356 | D:6      | Found a shimmering blue altar of Sif Muna.
  5487 | D:5      | Bought a +2 ring mail of cold resistance for 231 gold
                  | pieces
  5692 | D:6      | Reached skill level 5 in Fighting
  5709 | D:6      | Noticed a yak
  5709 | D:6      | Noticed a yak
  5709 | D:6      | Noticed a yak
  5709 | D:6      | Noticed a yak
  5709 | D:6      | Noticed a yak
  5709 | D:6      | Noticed a yak
  5717 | D:6      | Killed a yak
  5718 | D:6      | Reached skill level 9 in Polearms
  5720 | D:6      | Killed a yak
  5721 | D:6      | Reached XP level 9. HP: 37/68 MP: 9/9
  5932 | D:6      | Found Veut's Distillery.
  5935 | D:6      | Found Otop's General Store.
  5936 | D:6      | Found Xusyokk's Antique Weapon Shoppe.
  5936 | D:6      | Found Maujainuck's Assorted Antiques.
  6076 | D:6      | Reached skill level 10 in Dodging
  6085 | D:6      | Reached skill level 10 in Polearms
  6263 | D:6      | Got the Atlas of Untold Secrets
  7045 | D:7      | Noticed a kobold demonologist
  7047 | D:7      | Found a bloodstained altar of Trog.
  7056 | D:7      | Noticed a smoke demon
  7061 | D:7      | Killed a kobold demonologist
  7134 | D:7      | Found a basalt altar of Yredelemnul.
  7426 | D:8      | Reached skill level 11 in Polearms
  7429 | D:8      | Reached XP level 10. HP: 65/77 MP: 10/10
  7596 | D:8      | Noticed a two-headed ogre
  7602 | D:8      | Killed a two-headed ogre
  7991 | D:8      | Found a white marble altar of Elyvilon.
  8297 | D:9      | Found a stormy altar of Qazlal.
  8387 | D:9      | Reached skill level 12 in Polearms
  8441 | D:9      | Found a sacrificial altar of Ru.
  8743 | D:9      | Found a snail-covered altar of Cheibriados.
  8869 | D:9      | Found a flagged portal.
  8869 | D:9      | Noticed Psyche
  8884 | D:9      | Killed Psyche
  8924 | Bailey   | Entered a bailey
  9256 | Bailey   | Reached XP level 11. HP: 83/84 MP: 11/11
  9263 | Bailey   | Reached skill level 5 in Armour
  9282 | Bailey   | Reached skill level 13 in Polearms
 10234 | D:10     | Entered Level 10 of the Dungeon
 10441 | D:10     | Noticed a boulder beetle
 10482 | D:10     | Found a staircase to the Lair.
 10484 | D:10     | Killed a boulder beetle
 10485 | D:10     | Reached skill level 14 in Polearms
 10578 | D:10     | Noticed a skeletal warrior
 10587 | D:10     | Killed a skeletal warrior
 11476 | Lair:1   | Entered Level 1 of the Lair of Beasts
 11609 | Lair:1   | Reached skill level 15 in Dodging
 11609 | Lair:1   | Reached XP level 12. HP: 81/94 MP: 10/12
 11683 | Lair:1   | Reached skill level 15 in Polearms
 11952 | Lair:1   | Noticed Sonja
 11959 | Lair:1   | Killed Sonja
 12286 | Lair:1   | Bought a runed lajatang for 666 gold pieces
 12298 | Lair:2   | Noticed a five-headed hydra
 12311 | Lair:2   | Killed a six-headed hydra
 12596 | Lair:2   | Reached skill level 16 in Polearms
 12648 | Lair:2   | Found a staircase to the Shoals.
 12742 | Lair:2   | Reached skill level 10 in Fighting
 12823 | Lair:2   | Noticed an eight-headed hydra
 13056 | Lair:2   | Killed a nine-headed hydra
 13236 | Lair:2   | Noticed a six-headed hydra
 13251 | Lair:2   | Killed a seven-headed hydra
 13252 | Lair:2   | Reached skill level 17 in Polearms
 13520 | Lair:2   | Identified the +8 quarterstaff of Ascent {antimagic, rC-
                  | Int+4 Dex+6}
 13775 | Lair:2   | Reached XP level 13. HP: 104/104 MP: 13/13
 13845 | Lair:2   | Identified the +10 short sword "Cat Keqa" {holy, rC+ Int+3}
 14299 | Lair:2   | Bought a scroll of acquirement for 624 gold pieces
 14301 | Lair:2   | Acquired the +5 halberd of Doomed Optimality {flame, Dex+2}
 14388 | Lair:3   | Reached skill level 18 in Polearms
 14687 | Lair:3   | Found a hole to the Spider Nest.
 16190 | Lair:5   | Entered Level 5 of the Lair of Beasts
 16208 | Lair:4   | Reached skill level 19 in Polearms
 16644 | Lair:5   | Found a viscous altar of Jiyva.
 17247 | Lair:5   | Acquired 739 gold pieces
 17256 | Lair:5   | Bought 3 scrolls of enchant weapon for 360 gold pieces
 17267 | Lair:5   | Found a staircase to the Slime Pits.
 17336 | Lair:5   | Reached skill level 20 in Polearms
 17929 | Lair:5   | Reached XP level 14. HP: 111/118 MP: 12/14
 18004 | Lair:5   | Reached skill level 1 in Evocations
 18886 | Shoals:1 | Entered Level 1 of the Shoals
 19014 | Shoals:1 | You fall into a shaft and drop 1 floor!
 19014 | Shoals:2 | Found Lonausue's Antique Armour Shop.
 19227 | Shoals:1 | Reached skill level 1 in Ice Magic
 19242 | Shoals:1 | Reached skill level 1 in Spellcasting
 20063 | Shoals:1 | Identified the +1 robe "Kiriarph" {Harm Str-3 Int-3 Dex+9}
 20554 | Shoals:2 | Reached skill level 5 in Evocations
 21252 | Shoals:2 | Noticed Ilsuiw
 21327 | Shoals:2 | Noticed a kraken
 21339 | Shoals:2 | Noticed Roxanne
 21527 | Shoals:2 | HP: 4/120 [poisoned by a sea snake]
 21729 | Shoals:2 | Noticed a kraken
 21744 | Shoals:2 | Learned a level 3 spell: Frozen Ramparts
 22075 | Shoals:2 | Reached XP level 15. HP: 126/126 MP: 18/20
 22412 | Shoals:2 | Noticed Polyphemus
 22463 | Shoals:2 | Killed Polyphemus
 23318 | Shoals:1 | Killed Ilsuiw
 23319 | Shoals:1 | Reached skill level 5 in Ice Magic
 23707 | Shoals:2 | Killed a kraken
 25876 | Shoals:2 | Killed a kraken
 26710 | Shoals:3 | Gained mutation: You are agile. (Dex +4, Str/Int -1)
                  | [potion of mutation]
 26710 | Shoals:3 | Gained mutation: You occasionally lose the ability to read
                  | scrolls when taking damage. [potion of mutation]
 26710 | Shoals:3 | HP: 6/127 [poisoned by a sea snake]
 26711 | Shoals:3 | Lost mutation: You are agile. (Dex +4, Str/Int -1) [potion
                  | of mutation]
 26711 | Shoals:3 | Lost mutation: You occasionally lose the ability to read
                  | scrolls when taking damage. [potion of mutation]
 26711 | Shoals:3 | Gained mutation: You are partially covered in large bone
                  | plates. (SH +4) [potion of mutation]
 26711 | Shoals:3 | Gained mutation: You have hidden genetic potential. [potion
                  | of mutation]
 26711 | Shoals:3 | Succumbed to a sea snake's poison

Illustrated notes

Levels and vault maps discovered:
D:1:      saegor_arrival_simple_d, layout_basic,
          hellmonk_ecumenical_altar_blasted
D:2:      layout_basic, uniq_crazy_yiuf_cottage
D:3:      kennysheep_big_flooded_room, layout_basic,
          mainiacjoe_overflow_surrounded_room,
          mainiacjoe_overflow_small_starburst, minmay_fractal_squares_gapless_5
D:4:      layout_rooms, amcnicky_altar_gilded,
          worldfamousw_hep_ancestral_shrine, minmay_temple_entry_large_hall,
          uniq_menkaure, uniq_edmund
D:5:      layout_loops_cross, kennysheep_little_box, serial_shops,
          nicolae_shop_hallway_plus, minivault_11, uniq_prince_ribbit1,
          uniq_blork_the_orc, uniq_sigmund
D:6:      layout_basic, mainiacjoe_overflow_six_doors_small,
          mainiacjoe_overflow_brackets, minmay_shop_grid_forest,
          serial_bayou_pond_a
D:7:      layout_cave_pools, lemuel_doored_altar, lightli_temple_of_fire,
          nicolae_overflow_hidden_temple
D:8:      layout_loops_ring, elyvilon_altar_1, minmay_misc_feat_encased
D:9:      layout_stronghold, nicolae_ru_the_path_less_chosen,
          mainiacjoe_overflow_tiny_flanked, grunt_qazlal_clouds, enter_bailey_7,
          uniq_psyche
D:10:     layout_basic, due_lair_maze_entry_diamond, kb_lookout_dungeons_type
Temple:   nicolae_temple_little_seven
Lair:1:   layout_misc_corridors, uniq_sonja
Lair:2:   cheibrodos_lair_river_kwai, layout_cellular_growth,
          elwin_shoals_entry_rocks, chequers_serial_rivers_small_3
Lair:3:   layout_gridlike, dummy_spider_entry
Lair:4:   wander_river, layout_loops_ring, minmay_stone_trees_medium
Lair:5:   minmay_lair_end_enchanted_forest, layout_gridlike,
          minmay_slime_entry_jelly_boxes, serial_bayou_shore_a,
          grunt_megastairs_3, lemuel_fruit_fields
Shoals:1: layout_shoals
Shoals:2: cheibrodos_shoals_three_sisters, layout_shoals, serial_shops, shop,
          nicolae_shoals_isolated_beach, uniq_polyphemus, uniq_ilsuiw,
          uniq_roxanne
Shoals:3: cheibrodos_shoals_epimethial_gifts, layout_shoals,
          nicolae_shop_vocational

Skill      XL: |  1  2  3  4  5  6  7  8  9 10 11 12 13 14 15 |
---------------+----------------------------------------------+-----
Polearms       | 5 6 8 9 11 12 14 17 20 | 20.0
Dodging        | 5 6 8 9 11 13 15 16 | 16.0
Armour         | 1 2 3 4 5 6 |  6.6
Fighting       | 3 4 5 6 7 8 10 13 14 | 14.4
Evocations     | 6 8 |  8.0
Ice Magic      | 4 5 |  5.4
Spellcasting   | 3 4 |  4.4
Throwing       | |  2.0

Action                     |  1- 3 |  4- 6 |  7- 9 | 10-12 | 13-15 || total
---------------------------+-------+-------+-------+-------+-------++-------
  Melee: Trident           |   109 |   135 |   254 |   203 |       ||   701
         Punch             |       |     1 |       |     1 |       ||     2
         Glaive            |       |       |       |   322 |     9 ||   331
         Quarterstaff      |       |       |       |    28 |       ||    28
         Tailslap          |       |       |       |     4 |    28 ||    32
         Halberd           |       |       |       |       |  1229 ||  1229
  Throw: Throwing net      |       |     5 |       |     2 |    12 ||    19
         Javelin           |       |       |     1 |     2 |    11 ||    14
   Cast: Frozen Ramparts   |       |       |       |       |     3 ||     3
 Invoke: Call Merchant     |       |       |       |     1 |     2 ||     3
  Evoke: Wand              |       |       |       |       |     8 ||     8
    Use: Scroll            |       |     8 |    10 |    17 |    23 ||    58
         Potion            |       |     1 |     3 |     3 |    26 ||    33
   Stab: Sleeping          |     2 |       |       |     3 |     1 ||     6
         Held in net/web   |       |     4 |       |     2 |     3 ||     9
         Distracted        |       |       |     2 |     7 |    13 ||    22
         Invisible         |       |       |       |       |     5 ||     5
         Petrified         |       |       |       |       |     2 ||     2
         Petrifying        |       |       |       |       |     1 ||     1
 Armour: Leather armour    |    26 |       |       |       |       ||    26
         Ring mail         |     2 |    22 |    85 |    93 |   280 ||   482
  Dodge: Dodged            |    59 |    54 |   183 |   545 |  1133 ||  1974
         Repelled          |       |       |     3 |     1 |     9 ||    13
